 Dungeon Crawl Stone Soup version 0.24.0-13-gcf9b319 (webtiles) character file.

Game seed: 16626539974624051642, levelgen mode: deterministic

383 Bronimir the Stinger (level 6, -2/51 HPs)
             Began as a Naga Venom Mage on Mar 25, 2020.
             Was an Initiate of Makhleb.
             Slain by an orc warrior
             ... wielding a +0 glaive
              (13 damage)
             ... on level 3 of the Dungeon.
             The game lasted 00:13:35 (3360 turns).

Bronimir the Stinger (Naga Venom Mage)              Turns: 3360, Time: 00:13:36

Health: -2/51      AC:  3    Str: 12    XL:     6   Next: 76%
Magic:  1/11       EV:  9    Int: 15    God:    Makhleb [......]
Gold:   95         SH:  0    Dex: 12    Spells: 1/11 levels left

rFire    . . .     SeeInvis +   a - +1 dagger (elec)
rCold    . . .     Gourm    .   (no shield)
rNeg     . . .     Faith    .   k - +0 leather armour
rPois    +         Spirit   .   (no helmet)
rElec    .         Reflect  .   (no cloak)
rCorr    .         Harm     .   (no gloves)
MR       .....                  (no barding)
Stlth    ++........             n - amulet of rage
HPRegen  0.17/turn              o - ring of see invisible
MPRegen  0.12/turn              (no ring)

@: very slow
A: large, see invisible, deformed body, poison resistance, slowness 2, slow
metabolism 1, spit poison 1, AC +2
a: Spit Poison, Renounce Religion, Evoke Berserk Rage


You were on level 3 of the Dungeon.
You worshipped Makhleb.
Makhleb was noncommittal.
You were not hungry.

You visited 1 branch of the dungeon, and saw 3 of its levels.

You collected 95 gold pieces.

Inventory:

Hand Weapons
 a - a +1 dagger of electrocution (weapon)
 g - a +0 dagger
 q - a +0 spear
 r - a +0 scythe
Missiles
 d - 23 arrows
 j - 23 bolts
 m - 56 stones (quivered)
Armour
 k - a +0 leather armour (worn)
 p - a +1 ring mail
Jewellery
 n - an amulet of rage (around neck)
 o - a ring of see invisible (left hand)
Scrolls
 f - a scroll of fog {unknown}
 h - a scroll of remove curse
 s - a scroll of enchant armour
Potions
 b - a potion of heal wounds {unknown}
 e - a potion of ambrosia {unknown}
 l - a potion of haste {unknown}
Comestibles
 c - a ration
 t - 4 chunks of flesh


   Skills:
 + Level 1.1 Fighting
 + Level 0.3 Short Blades
 + Level 0.7 Polearms
 * Level 2.3 Armour
 + Level 1.9 Dodging
 - Level 3.0 Stealth
 + Level 0.3 Unarmed Combat
 + Level 3.3 Spellcasting
 + Level 1.6 Conjurations
 * Level 6.6 Poison Magic
 * Level 0.2 Invocations
 + Level 0.1 Evocations


You had one spell level left.
You knew the following spells:

 Your Spells              Type           Power        Failure   Level  Hunger
a - Sting                 Conj/Pois      ##..         4%          1    None
b - Poisonous Vapours     Pois/Air       ##....       10%         2    ##.....
c - Mephitic Cloud        Conj/Pois/Air  ##......     24%         3    ###....
d - Olgreb's Toxic Radia  Pois           ###.....     16%         4    ####...

Your spell library contained the following spells:

 Spells                   Type           Power        Failure   Level  Hunger
 Venom Bolt               Conj/Pois      ##........   77%         5    ######.


Dungeon Overview and Level Annotations

Branches:
Dungeon (3/15)

Altars:
Makhleb
Zin


Innate Abilities, Weirdness & Mutations

You cannot wear boots.
Your serpentine skin is tough. (AC +2)
You have supernaturally acute eyesight. (SInv)
Armour fits poorly on your strangely shaped body.
Your system is resistant to poisons. (rPois)
You cover ground very slowly.
You have a slow metabolism.
You can spit poison.


Message History

You feel slightly more hungry.
An orc comes into view. It is wielding a +0 dagger.
You feel better.
You have got your breath back.
Casting: Mephitic Cloud (safe; 24% risk of failure)
Confirm with . or Enter, or press ? or * to list all spells.
Aiming: Mephitic Cloud (safe; 24% risk of failure)
Press: ? - help, Shift-Dir - straight line, f/p - orc warrior
Aim: an orc warrior, wielding a +0 glaive and wearing a +0 chain mail (heavily wounded, poisoned, confused)
The ball explodes into a vile cloud!
The stinking cloud engulfs the orc warrior but does no damage.
The orc warrior is heavily wounded.
The stinking cloud engulfs the orc but does no damage.
The stinking cloud engulfs you but does no damage.
The orc is engulfed in noxious fumes.
The orc appears confused.
The orc hits the orc warrior but does no damage.
The orc warrior is engulfed in noxious fumes.
The orc warrior appears confused.
The orc warrior hits you with a +0 glaive!
You die...

.##...........
.........(..
#........#
#.....)†#
#......#
#......#
#......#
#○☼.[)÷#
#.o@.<.#
#o###### #. #o
#. .. .. ..


You could see an orc warrior (confused) and an orc (confused).

Vanquished Creatures
  Sigmund (D:2)
  A crimson imp (D:2)
  An orc priest (D:3)
  Natasha (D:2)
  A gnoll (D:1)
  4 adders
  2 oozes
  2 worms (D:2)
  3 dart slugs
  4 leopard geckos
  2 orcs
  7 bats
  6 giant cockroaches
  8 goblins
  5 hobgoblins
  10 jackals
  A quokka (D:2)
  A ball python (D:1)
  6 frilled lizards
  2 kobolds
  11 rats
79 creatures vanquished.

Notes
Turn   | Place    | Note
-------+----------+-------------------------------------------
     0 | D:1      | Bronimir the Naga Venom Mage began the quest for the Orb.
     0 | D:1      | Reached XP level 1. HP: 15/15 MP: 3/3
    35 | D:1      | Reached XP level 2. HP: 1/22 MP: 0/5
   553 | D:1      | Reached XP level 3. HP: 4/28 MP: 0/6
   901 | D:1      | Learned a level 2 spell: Poisonous Vapours
   905 | D:1      | Learned a level 3 spell: Mephitic Cloud
  1270 | D:1      | Reached skill level 5 in Poison Magic
  1708 | D:2      | Reached XP level 4. HP: 36/36 MP: 7/7
  2207 | D:2      | Reached skill level 1 in Armour
  2305 | D:2      | Found a glowing silver altar of Zin.
  2305 | D:2      | Noticed Sigmund
  2319 | D:2      | Killed Sigmund
  2319 | D:2      | Reached skill level 1 in Fighting
  2319 | D:2      | Reached skill level 6 in Poison Magic
  2319 | D:2      | Reached XP level 5. HP: 18/44 MP: 0/9
  2319 | D:2      | Reached XP level 6. HP: 21/51 MP: 0/10
  2499 | D:2      | Noticed Natasha
  2503 | D:2      | Killed Natasha
  2582 | D:2      | Found a burning altar of Makhleb.
  2617 | D:2      | Became a worshipper of Makhleb the Destroyer
  3155 | D:3      | Noticed an orc warrior
  3349 | D:2      | Learned a level 4 spell: Olgreb's Toxic Radiance
  3356 | D:3      | HP: 1/51 [orc warrior/+0 glaive (20)]
  3360 | D:3      | Slain by an orc warrior

Levels and vault maps discovered:
D:1:      dpeg_arrival_shelter, layout_basic, minmay_misc_feat_roman,
          minmay_tall_x
D:2:      layout_basic, zin_academy, makhleb_grotto_becter,
          gammafunk_temple_overflow_pools, first_ration, grunt_ministairs_9,
          uniq_sigmund, uniq_natasha, uniq_jessica
D:3:      layout_rooms, nicolae_ru_path_of_blood, overflow_temple_1_default

Skill      XL: |  1  2  3  4  5  6 |
---------------+-------------------+-----
Poison Magic   | 5 6 |  6.6
Armour         | 1 2 |  2.3
Fighting       | 1 |  1.1
Spellcasting   | 3 |  3.3
Short Blades   | |  0.3
Polearms       | |  0.7
Dodging        | |  1.9
Stealth        | |  3.0
Unarmed Combat | |  0.3
Conjurations   | |  1.6
Invocations    | |  0.2
Evocations     | |  0.1

Action                   |  1- 3 |  4- 6 || total
-------------------------+-------+-------++-------
Melee: Unarmed           |     8 |       ||     8
       Dagger            |    27 |    33 ||    60
       Spear             |       |    37 ||    37
       Scythe            |       |    60 ||    60
Throw: Stone             |       |     1 ||     1
 Cast: Sting             |    29 |    26 ||    55
       Poisonous Vapours |     2 |    15 ||    17
       Mephitic Cloud    |     1 |    11 ||    12
       Olgreb's Toxic Ra |       |     1 ||     1
 Abil: Spit Poison       |    30 |    19 ||    49
  Use: Scroll            |     3 |       ||     3
       Potion            |       |     2 ||     2
 Stab: Confused          |       |     4 ||     4
  Eat: Chunk             |     4 |     4 ||     8
       Ration            |       |     1 ||     1
Armor: Robe              |    10 |       ||    10
       Leather armour    |     5 |    56 ||    61
Dodge: Dodged            |    37 |    90 ||   127
